 Dungeon Crawl Stone Soup version 0.31.0-12-g77e489cdc1 (webtiles) character file.

Game seed: 9667499886817147039

86 Silvore the Shield-Bearer (level 4, -2/40 HPs)
             Began as a Minotaur Fighter on Feb 23, 2024.
             Killed by nerve-wracking pain
             ... invoked by an orc priest
              (14 damage)
             ... on level 3 of the Dungeon.
             The game lasted 00:02:44 (1939 turns).

Silvore the Shield-Bearer (Minotaur Fighter)        Turns: 1939, Time: 00:02:45

Health: -2/40      AC:  7    Str: 23    XL:     4   Next: 27%
Magic:  3/3        EV:  9    Int:  5    God:
Gold:   58         SH:  5    Dex:  9    Spells: 3/3 levels left

rFire   . . .        g - +4 mace
rCold   + . .        c - +1 buckler
rNeg    . . .        b - +0 scale mail
rPois   .            n - +0 hat
rElec   .            (no cloak)
rCorr   .            (no gloves)
SInv    +            (no boots)
Will    .....        (no amulet) Stlth
                     m - ring of see invisible
HPRegen 0.26/turn    o - ring of protection from cold
MPRegen 0.08/turn

%: no passive effects
@: no status effects
A: horns 2, retaliatory headbutt
a: no special abilities


You were on level 3 of the Dungeon.
You visited 1 branch of the dungeon, and saw 3 of its levels.

You collected 58 gold pieces.

Inventory:

Hand Weapons
 a - a +0 flail
 g - a +4 mace (weapon)
Armour
 b - a +0 scale mail (worn)
 c - a +1 buckler (worn)
 n - a +0 hat (worn)
Jewellery
 m - a ring of see invisible (left hand)
 o - a ring of protection from cold (right hand)
Scrolls
 f - a scroll of immolation {unknown}
 k - a scroll of identify
 l - a scroll of blinking {unknown}
 p - a scroll of teleportation {unknown}
Potions
 d - a potion of might
 e - a potion of resistance
 h - a potion of haste
 i - a potion of berserk rage
 j - a potion of attraction {unknown}


   Skills:
 + Level 4.0 Fighting
 + Level 3.9 Maces & Flails
 + Level 4.2 Armour
 + Level 0.2 Dodging
 + Level 4.5 Shields


You had 3 spell levels left.
You didn't know any spells.
Your spell library contained the following spells:

 Spells                   Type           Power      Damage    Failure   Level
 Necrotise                Necr           0%         1d4       83%         1
 Sandblast                Erth           0%         2d4       83%         1
 Passwall                 Erth           0%         N/A       99%         3
 Stone Arrow              Conj/Erth      0%         3d7       99%         3
 Vampiric Draining        Necr           0%         2d6       99%         3
 Volatile Blastmotes      Fire/Tloc      0%         2d10      99%         3
 Brom's Barrelling Bould  Conj/Erth      0%         2d3       100%        4
 Fulminant Prism          Conj/Alch      0%         3d5       100%        4
 Iskenderun's Mystic Bla  Conj/Tloc      0%         2d3       100%        4
 Martyr's Knell           Necr/Summ      0%         N/A       100%        4
 Curse of Agony           Necr           0%         N/A       100%        5


Dungeon Overview and Level Annotations

Branches:
Dungeon (3/15)

Altars:


Innate Abilities, Weirdness & Mutations

You have a pair of horns on your head.
You reflexively headbutt those who attack you in melee.


Message History

p - a scroll labelled XUSUHA PIGOODA You now have 58 gold pieces (gained 9).
You open the large door.
There is a large open door here.
There is a large open door here.
Found a stone staircase leading down.
An orc priest and 2 orcs come into view.
The orc priest begins to cast a cantrip, but forgets the words!
There are monsters nearby!
The orc hits you with a +0 club.
You hit the orc.
The orc is severely wounded.
The orc closely misses you.
You closely miss the orc.
The orc is severely wounded.
The orc hits you with a +0 club. The orc hits you with a +0 hand axe.
You hit the orc.
You kill the orc!
The orc hits you with a +0 hand axe.
You thump the orc priest!
The orc priest is heavily wounded.
The orc priest invokes the aid of Beogh against you.
Beogh smites you! The orc completely misses you. You furiously retaliate!
You headbutt the orc!
You kill the orc!
The orc priest calls down the wrath of Beogh upon you.
Pain shoots through your body!
* * * LOW HITPOINT WARNING * * *
You closely miss the orc priest.
The orc priest is heavily wounded.
The orc priest hits you but does no damage.
You completely miss the orc priest.
The orc priest is heavily wounded.
The orc priest hits you with a +0 short sword.
* * * LOW HITPOINT WARNING * * *
You barely miss the orc priest.
The orc priest is heavily wounded.
The orc priest calls down the wrath of Beogh upon you.
Pain shoots through your body!
You die...

....#
##.......##.....
..###
#.......##....#
..#
#.......##....#
..#
#.......##....#
.##
#.......##oo..#
.#
#.......##....#
.#
#######'###....#
##
#...###'###.####
#........@o.#
#........#)##
#........#>#
#........#..
######.......
#.#.#.#.#
#.........
#.#.#.#.#..


You could see an orc priest.

Vanquished Creatures
  2 adders
  2 dart slugs
  A ribbon worm (D:2)
  2 orcs (D:3)
  4 bats
  4 endoplasms
  4 giant cockroaches
  9 goblins
  6 hobgoblins
  3 jackals (D:1)
  2 quokkas
  5 ball pythons
  3 frilled lizards
  3 kobolds
  5 rats
55 creatures vanquished.

Notes
Turn   | Place    | Note
-------+----------+-------------------------------------------
     0 | D:1      | Silvore the Minotaur Fighter began the quest for the Orb.
     0 | D:1      | Reached XP level 1. HP: 19/19 MP: 0/0
   111 | D:1      | Reached XP level 2. HP: 27/27 MP: 1/1
   454 | D:1      | Reached XP level 3. HP: 30/33 MP: 2/2
  1320 | D:2      | Reached XP level 4. HP: 40/40 MP: 3/3
  1939 | D:3      | Killed from afar by an orc priest

Illustrated notes

Levels and vault maps discovered:
D:1:      amcnicky_arrival_flooded_fountain, layout_loops_cross
D:2:      minmay_skewed_foursquare, layout_basic, minmay_misc_feat_tower,
          kennysheep_another_room
D:3:      layout_basic, serial_glass, glass_columns_a, glass_columns_a,
          glass_columns_c, glass_columns_b, glass_columns_a, glass_columns_b,
          st_stairs_8, minmay_misc_feat_five, serial_park_tiny_2

Skill      XL: |  1  2  3 |
---------------+----------+-----
Shields        | 4 |  4.5
Armour         | 4 |  4.2
Maces & Flails | 3 |  3.9
Fighting       | 4 |  4.0
Dodging        | |  0.2

Action                     |  1- 3 |  4- 6 || total
---------------------------+-------+-------++-------
  Melee: Flail             |    27 |       ||    27
         Headbutt          |     8 |     1 ||     9
         Mace              |    64 |    15 ||    79
    Use: Scroll            |     2 |     4 ||     6
 Armour: Scale mail        |    67 |    11 ||    78
  Dodge: Dodged            |    53 |     7 ||    60
  Block: Buckler           |    20 |       ||    20
